 Dungeon Crawl Stone Soup version 0.29.1-12-g30fa7ad0bf (webtiles) character file.

Game seed: 1336894686724423853

651 wormed the Caller (level 7, -3/51 HPs)
             Began as a Gnoll Summoner on Dec 26, 2022.
             Slain by a kobold brigand
             ... wielding a +2 dagger of distortion
              (10 damage)
             ... on level 4 of the Dungeon.
             The game lasted 00:12:25 (5048 turns).

wormed the Caller (Gnoll Summoner)                  Turns: 5048, Time: 00:12:27

Health: -3/51      AC:  3    Str: 11    XL:     7   Next: 53%
Magic:  10/15      EV: 14    Int: 17    God:
Gold:   163        SH:  0    Dex: 14    Spells: 6/17 levels left

rFire   + . .      SeeInvis .   t - +3 spear of the Girdle {holy, rF+ Str+4 Dex+2}
rCold   . . .      Faith    .   c - orb {light}
rNeg    . . .      Spirit   .   a - +0 robe
rPois   .          Reflect  .   (no helmet)
rElec   .          Harm     .   s - +0 cloak
rCorr   .          Rampage  .   (no gloves)
Will    +....                   (no boots)
Stlth   +.........              (no amulet)
HPRegen 0.17/turn               e - ring of willpower
MPRegen 0.14/turn               j - ring of wizardry

@: glowing
A: fangs 1, strong nose, distributed training
a: no special abilities


You were on level 4 of the Dungeon.
You visited 1 branch of the dungeon, and saw 4 of its levels.

You collected 163 gold pieces.

Inventory:

Hand Weapons
 t - the +3 spear of the Girdle (weapon) {holy, rF+ Str+4 Dex+2}
   (You found it on level 3 of the Dungeon)

   It has been blessed by the Shining One to cause great damage to the undead
   and demons.
   Str:       It affects your strength (+4).
   Dex:       It affects your dexterity (+2).
   rF:        It protects you from fire.
Armour
 a - a +0 robe (worn)
 c - an orb of light (worn)
 s - a +0 cloak (worn)
Jewellery
 e - a ring of willpower (left hand)
 j - a ring of wizardry (right hand)
 r - a ring of poison resistance
Wands
 h - a wand of roots (23)
Scrolls
 d - a scroll of enchant armour {unknown}
 l - 3 scrolls of identify {unknown}
 m - a scroll of fear {unknown}
 n - a scroll of noise {unknown}
 o - a scroll of enchant weapon {unknown}
 p - a scroll of poison {unknown}
 v - a scroll of teleportation {unknown}
Potions
 f - 3 potions of curing
 g - a potion of haste {unknown}
 i - 2 potions of cancellation {unknown}
 k - a potion of resistance {unknown}
 q - a potion of might {unknown}
 u - a potion of lignification {unknown}
 w - a potion of attraction {unknown}


   Skills:
 + Level 2.6 Fighting
 + Level 2.6 Short Blades
 + Level 2.6 Long Blades
 + Level 2.6 Axes
 + Level 2.6 Maces & Flails
 + Level 2.6 Polearms
 + Level 2.6 Staves
 + Level 2.6 Ranged Weapons
 + Level 2.6 Throwing
 + Level 2.6 Armour
 + Level 5.3 Dodging
 + Level 5.0 Stealth
 + Level 2.6 Shields
 + Level 2.6 Unarmed Combat
 + Level 5.7 Spellcasting
 + Level 2.1 Conjurations
 + Level 2.1 Hexes
 + Level 7.4 Summonings
 + Level 2.1 Necromancy
 + Level 2.1 Translocations
 + Level 2.1 Transmutations
 + Level 2.1 Fire Magic
 + Level 2.1 Ice Magic
 + Level 2.1 Air Magic
 + Level 2.1 Earth Magic
 + Level 2.1 Poison Magic
 + Level 3.0 Invocations
 + Level 2.6 Evocations


You had 6 spell levels left.
You knew the following spells:

 Your Spells              Type           Power      Damage    Failure   Level
a - Summon Small Mammal   Summ           100%       N/A       1%          1
b - Call Canine Familiar  Summ           30%        N/A       1%          3
c - Summon Guardian Gole  Hex/Summ       21%        N/A       2%          3
d - Summon Lightning Spi  Summ/Air       21%        N/A       8%          4

Your spell library contained the following spells:

 Spells                   Type           Power      Damage    Failure   Level
 Call Imp                 Summ           30%        N/A       1%          2
 Poisonous Vapours        Pois/Air       24%        N/A       3%          2
 Sublimation of Blood     Necr           12%        N/A       3%          2
 Wereblood                Tmut           12%        N/A       3%          2
 Gell's Gravitas          Tloc           12%        N/A       6%          3
 Lesser Beckoning         Tloc           12%        N/A       6%          3
 Teleport Other           Tloc           12%        N/A       6%          3
 Corpse Rot               Necr/Pois/Air  12%        N/A       21%         4
 Summon Hydra             Summ           15%        N/A       87%         7


Dungeon Overview and Level Annotations

Branches:
Dungeon (4/15)
 Temple: D:4-7

Altars:
Ashenzari
Fedhas
Okawaru
Yredelemnul

Shops:
D:1 !

Portals:
Abyss: D:4


Innate Abilities, Weirdness & Mutations

You have very sharp teeth.
Your uncanny sense of smell can sniff out nearby items.
Your experience applies equally to all skills.


Message History

The ufetubus barely misses you. The ufetubus hits you.
The kobold brigand hits your hound with a +2 dagger of distortion!
Your hound is devoured by a tear in reality.
You hit the ufetubus.
The ufetubus convulses.
The ufetubus is moderately wounded.
The ufetubus misses you. The ufetubus hits you.
You barely miss the ufetubus. Your bite misses the ufetubus.
The ufetubus is moderately wounded.
The ufetubus hits you but does no damage.
The ufetubus barely misses you. The ufetubus closely misses you.
The ufetubus misses you.
You hit the ufetubus.
The ufetubus convulses.
The ufetubus is severely wounded.
The ufetubus closely misses you. x2
You hit the ufetubus.
You kill the ufetubus!
Your Invocations skill increases to level 3!
You hit the kobold brigand.
The kobold brigand is lightly wounded.
The kobold brigand hits you with a +2 dagger of distortion.
* * * LOW HITPOINT WARNING * * *
Your lightning spire cannot move out of your way!
You barely miss the kobold brigand.
The kobold brigand is lightly wounded.
The kobold brigand closely misses you.
Casting: Summon Lightning Spire (dangerous; 8% risk of failure)
Confirm with . or Enter, or press ? or * to list all spells.
The kobold brigand misses you.
You puncture the kobold brigand!
The kobold brigand is moderately wounded.
The kobold brigand closely misses you.
Your hound bites the kobold brigand but does no damage.
You barely miss the kobold brigand.
You bite the kobold brigand, but do no damage.
The kobold brigand is moderately wounded.
Your hound barely misses the kobold brigand.
The kobold brigand hits you with a +2 dagger of distortion!
* * * LOW HITPOINT WARNING * * *
Space warps horribly around you!
You die...

..##...###.##.#.#...# #.#####
..##...#.##....##...#######.#####
)..##©##.©#[..##...............))
....###..##.).#.....##........###
.....©.(.#..#.#.....##.####.#.###
........##.##.###...##.###.....##
....#####..!.#∩§#..........#.....
...##.##..###.hK##.............##
...#......#.##.#@#....[.....#....
...####..##..##8##..##.##.###..##
......####....###...##.##.# #..#
....................##.##.###..#
....................##.#.#...).#
##..##.#####.#######...........#
###.##.#####.# #####.#.........#
(............###...............#
###.#######..........#######.###


You could see a kobold brigand (ally target), a friendly lightning spire
(summoned) and a friendly hound (summoned).

Vanquished Creatures
  The ghost of JayGG the Cleaver, an amateur MiBe of Trog (D:4)
  An ufetubus (D:4)
  2 endoplasms (D:1)
  2 giant cockroaches
  A goblin (D:1)
  A jackal (D:1)
  3 kobolds
  A ball python (D:2)
  3 frilled lizards
15 creatures vanquished.

Vanquished Creatures (collateral kills)
  A black bear (D:3)
  An orc priest (D:3)
  Crazy Yiuf (D:3)
  An orc wizard (D:3)
  An adder (D:4)
  5 dart slugs
  2 orcs
  6 endoplasms
  3 giant cockroaches (D:2)
  11 goblins
  5 hobgoblins
  5 jackals
  3 quokkas
  10 ball pythons
  2 bats (D:2)
  4 frilled lizards
  8 kobolds
  8 rats
77 creatures vanquished.

Vanquished Creatures (others)
  A small abomination (D:4)
  2 fungi (D:1)
  A plant (D:1)
4 creatures vanquished.

Grand Total: 96 creatures vanquished

Notes
Turn   | Place    | Note
-------+----------+-------------------------------------------
     0 | D:1      | wormed the Gnoll Summoner began the quest for the Orb.
     0 | D:1      | Reached XP level 1. HP: 13/13 MP: 6/6
   461 | D:1      | Reached XP level 2. HP: 19/19 MP: 3/7
  1125 | D:1      | Found Gecedin's Distillery.
  1147 | D:1      | Reached skill level 5 in Spellcasting
  1147 | D:1      | Reached XP level 3. HP: 22/25 MP: 6/9
  1151 | D:1      | Learned a level 3 spell: Call Canine Familiar
  1155 | D:1      | Learned a level 3 spell: Summon Guardian Golem
  1340 | D:1      | Reached skill level 1 in Invocations
  1436 | D:1      | Found a faded altar of an unknown god.
  2064 | D:2      | Reached skill level 1 in Fighting
  2064 | D:2      | Reached skill level 1 in Short Blades
  2064 | D:2      | Reached skill level 1 in Long Blades
  2064 | D:2      | Reached skill level 1 in Axes
  2064 | D:2      | Reached skill level 1 in Maces & Flails
  2064 | D:2      | Reached skill level 1 in Polearms
  2064 | D:2      | Reached skill level 1 in Staves
  2064 | D:2      | Reached skill level 1 in Ranged Weapons
  2064 | D:2      | Reached skill level 1 in Throwing
  2064 | D:2      | Reached skill level 1 in Armour
  2064 | D:2      | Reached skill level 1 in Shields
  2064 | D:2      | Reached skill level 1 in Unarmed Combat
  2064 | D:2      | Reached skill level 1 in Evocations
  2168 | D:2      | Reached XP level 4. HP: 32/32 MP: 9/11
  2722 | D:2      | Learned a level 4 spell: Summon Lightning Spire
  2778 | D:3      | Reached skill level 1 in Conjurations
  2778 | D:3      | Reached skill level 1 in Hexes
  2778 | D:3      | Reached skill level 1 in Necromancy
  2778 | D:3      | Reached skill level 1 in Translocations
  2778 | D:3      | Reached skill level 1 in Transmutations
  2778 | D:3      | Reached skill level 1 in Fire Magic
  2778 | D:3      | Reached skill level 1 in Ice Magic
  2778 | D:3      | Reached skill level 1 in Air Magic
  2778 | D:3      | Reached skill level 1 in Earth Magic
  2778 | D:3      | Reached skill level 1 in Poison Magic
  2779 | D:3      | Reached XP level 5. HP: 31/37 MP: 5/12
  2842 | D:3      | Identified the +3 spear of the Girdle {holy, rF+ Str+4
                  | Dex+2}
  2922 | D:3      | Found a runed translucent door.
  2923 | D:3      | Noticed Crazy Yiuf
  3003 | D:3      | Noticed a black bear
  3028 | D:3      | Killed a black bear
  3029 | D:3      | Reached XP level 6. HP: 22/44 MP: 6/13
  3464 | D:3      | Found a blossoming altar of Fedhas.
  3740 | D:3      | Found a broken altar of Ashenzari.
  3777 | D:3      | Found an iron altar of Okawaru.
  4030 | D:3      | Killed Crazy Yiuf
  4031 | D:3      | Reached skill level 5 in Dodging
  4186 | D:4      | Noticed a small abomination
  4189 | D:4      | Found a transporter.
  4485 | D:4      | Found a basalt altar of Yredelemnul.
  4805 | D:4      | Noticed JayGG's ghost (amateur MiBe)
  4812 | D:4      | Found a one-way gate to the infinite horrors of the Abyss.
  4987 | D:4      | Found a transporter.
  5006 | D:4      | Killed JayGG's ghost
  5007 | D:4      | Reached XP level 7. HP: 41/51 MP: 9/15
  5010 | D:4      | Killed a small abomination
  5011 | D:4      | Reached skill level 5 in Stealth
  5048 | D:4      | Slain by a kobold brigand

Illustrated notes

Levels and vault maps discovered:
D:1:      dpeg_arrival_boxes_within_box, layout_rooms, serial_shops,
          nicolae_diamond_shop, shapermc_ecumenical_altar_ellora
D:2:      layout_basic
D:3:      layout_basic, general_overflow_altar, okawaru_gym_becter,
          lemuel_crystal_altar, palyth_stone_intersect,
          chequers_serial_rivers_small_a, chequers_serial_rivers_marsh,
          uniq_crazy_yiuf_cottage
D:4:      layout_loops_ring, mainiacjoe_overflow_alcove_2,
          gammafunk_ghost_abyssal_escape

Skill      XL: |  1  2  3  4  5  6  7 |
---------------+----------------------+-----
Spellcasting   | 5 |  5.7
Invocations    | 1 2 3 |  3.0
Fighting       | 1 2 |  2.6
Short Blades   | 1 2 |  2.6
Long Blades    | 1 2 |  2.6
Axes           | 1 2 |  2.6
Maces & Flails | 1 2 |  2.6
Polearms       | 1 2 |  2.6
Staves         | 1 2 |  2.6
Ranged Weapons | 1 2 |  2.6
Throwing       | 1 2 |  2.6
Armour         | 1 2 |  2.6
Shields        | 1 2 |  2.6
Unarmed Combat | 1 2 |  2.6
Evocations     | 1 2 |  2.6
Conjurations   | 1 2 |  2.1
Hexes          | 1 2 |  2.1
Necromancy     | 1 2 |  2.1
Translocations | 1 2 |  2.1
Transmutations | 1 2 |  2.1
Fire Magic     | 1 2 |  2.1
Ice Magic      | 1 2 |  2.1
Air Magic      | 1 2 |  2.1
Earth Magic    | 1 2 |  2.1
Poison Magic   | 1 2 |  2.1
Dodging        | 5 |  5.3
Stealth        | 5 |  5.0
Summonings     | |  7.4

Action                   |  1- 3 |  4- 6 |  7- 9 || total
-------------------------+-------+-------+-------++-------
Melee: Unarmed           |     4 |       |       ||     4
       Short sword       |    17 |       |       ||    17
       Bite              |     5 |     4 |     1 ||    10
       Dagger            |    11 |     5 |       ||    16
       Spear             |       |     8 |     9 ||    17
 Cast: Summon Small Mamm |    26 |       |       ||    26
       Call Canine Famil |    10 |    28 |     4 ||    42
       Summon Lightning  |       |     1 |     2 ||     3
       Summon Guardian G |       |     1 |       ||     1
  Use: Potion            |       |       |     2 ||     2
 Stab: Distracted        |     1 |     2 |       ||     3
Armor: Robe              |     4 |     2 |     2 ||     8
Dodge: Dodged            |    28 |    13 |    25 ||    66
